 Dungeon Crawl Stone Soup version 0.31-a0-4-gefa6de2278 (webtiles) character file.

Game seed: 9571554157405928832

352 Pimp the Trooper (level 6, 0/56 HPs)
             Began as a Hill Orc Fighter on May 4, 2023.
             Slain by an ogre
             ... wielding a +0 giant club
              (24 damage)
             ... on level 4 of the Dungeon.
             The game lasted 00:05:40 (2571 turns).

Pimp the Trooper (Hill Orc Fighter)                 Turns: 2571, Time: 00:05:41

Health: 0/56       AC: 12    Str: 19    XL:     6   Next: 61%
Magic:  6/6        EV:  7    Int: 10    God:
Gold:   148        SH:  4    Dex: 10    Spells: 5/5 levels left

rFire   + . .        a - +0 war axe (chaos)
rCold   . . .        c - +0 buckler
rNeg    . . .        j - +0 chain mail
rPois   .            (no helmet)
rElec   .            r - +0 cloak
rCorr   .            y - +0 pair of gloves
SInv    .            (no boots)
Will    .....        (no amulet) Stlth
                     k - ring of protection from fire
HPRegen 0.29/turn    (no ring)
MPRegen 0.10/turn

%: no passive effects
@: no status effects
A: no striking features
a: no special abilities


You were on level 4 of the Dungeon.
You visited 1 branch of the dungeon, and saw 4 of its levels.

You collected 148 gold pieces.

Inventory:

Hand Weapons
 a - a +0 war axe of chaos (weapon)
Armour
 b - a +0 scale mail
 c - a +0 buckler (worn)
 j - a +0 chain mail (worn)
 r - a +0 cloak (worn)
 y - a +0 pair of gloves (worn)
Jewellery
 k - a ring of protection from fire (left hand)
 q - a +5 ring of evasion
 w - an amulet of regeneration
 x - a ring of protection from fire
Scrolls
 e - a scroll of amnesia {unknown}
 l - 2 scrolls of poison
Potions
 d - a potion of might
 f - a potion of flight
 m - a potion of degeneration
 n - a potion of ambrosia {unknown}
 p - a potion of attraction {unknown}
 s - 2 potions of heal wounds {unknown}
 u - a potion of cancellation {unknown}
 v - a potion of curing
 z - a potion of brilliance {unknown}


   Skills:
 + Level 5.3 Fighting
 + Level 5.0 Axes
 + Level 4.9 Armour
 + Level 4.8 Shields


You had 5 spell levels left.
You didn't know any spells.
Your spell library contained the following spells:

 Spells                   Type           Power      Damage    Failure   Level
 Dazzling Flash           Conj/Hex       0%         N/A       100%        3
 Vhi's Electric Charge    Tloc/Air       0%         N/A       100%        3
 Volatile Blastmotes      Fire/Tloc      0%         2d10      100%        3
 Iskenderun's Mystic Bla  Conj/Tloc      0%         2d3       100%        4
 Arcjolt                  Conj/Air       0%         1d10      100%        5
 Iskenderun's Battlesphe  Conj           0%         2d6       100%        5
 Iron Shot                Conj/Erth      0%         9d1       100%        6
 Starburst                Conj/Fire      0%         6d3       100%        6
 Spellforged Servitor     Conj/Summ      0%         N/A       100%        7
 Maxwell's Capacitive Co  Air            0%         ∞         100%        8


Dungeon Overview and Level Annotations

Branches:
Dungeon (4/15)
 Temple: D:4-7

Altars:
The Shining One


Message History

e - a scroll labelled VOCEFR TYGGO You pick up a book of Power and begin reading...
You add the spells Iskenderun's Battlesphere, Iron Shot and Spellforged Servitor to your library.
An adder comes into view.
The adder hisses angrily.
The adder bites you but does no damage. The adder barely misses you.
You slash the adder!
You kill the adder!
Your Axes skill increases to level 5!
An ogre comes into view. It is wielding a +0 giant club.
The ogre shouts!
You hear a shout!
An ogre is nearby!
An adder comes into view.
Found 16 gold pieces.
The adder hisses angrily.
You hear a shout!
The adder bites you.
You are poisoned.
The adder poisons you!
You hit the adder.
You feel better.
The adder is lightly wounded.
You feel sick.
A goblin comes into view. It is wielding a +0 dagger.
The adder barely misses you.
A hobgoblin comes into view.
You miss the adder.
The adder is lightly wounded.
You feel sick.
The adder bites you but does no damage. x2
You slash the adder! You burn the adder.
You kill the adder!
You feel sick.
You slash the ogre!
The ogre goes berserk!
The ogre is heavily wounded.
You feel sick.
You are no longer poisoned.
The ogre hits you with a +0 giant club!!
The ogre completely misses you.
You barely miss the ogre.
The ogre is heavily wounded.
The ogre hits you with a +0 giant club!!
You die... #### ...# #..# # #..# #####.# #..#### ...#. ###...... gg$

#........ #O#
#.#.#####
#@########.#......
#..........#..####
#.##########..#
#.# ######..# #..
#.......# ###
#.###...#
#...##..#
#.#####.##..#
#.......##.)###


You could see an ogre (berserk), a hobgoblin and a goblin.

Vanquished Creatures
  Grinder (D:3)
  Terence (D:3)
  6 adders
  2 worms (D:2)
  3 dart slugs
  An orc (D:3)
  8 ball pythons
  5 bats
  6 endoplasms
  A giant cockroach (D:2)
  6 goblins
  3 hobgoblins
  8 kobolds
  6 quokkas
  4 frilled lizards
  5 rats
66 creatures vanquished.

Vanquished Creatures (others)
  A fungus (D:2)
1 creature vanquished.

Grand Total: 67 creatures vanquished

Notes
Turn   | Place    | Note
-------+----------+-------------------------------------------
     0 | D:1      | Pimp the Hill Orc Fighter began the quest for the Orb.
     0 | D:1      | Reached XP level 1. HP: 19/19 MP: 1/1
   271 | D:1      | Reached XP level 2. HP: 27/27 MP: 2/2
   532 | D:1      | Reached XP level 3. HP: 33/33 MP: 3/3
  1326 | D:2      | Reached XP level 4. HP: 40/40 MP: 4/4
  1661 | D:2      | Found a faded altar of an unknown god.
  1727 | D:3      | Noticed Terence
  1749 | D:3      | Killed Terence
  2017 | D:3      | Reached XP level 5. HP: 33/47 MP: 5/5
  2115 | D:3      | Noticed Grinder
  2128 | D:3      | Killed Grinder
  2129 | D:3      | Reached skill level 5 in Fighting
  2129 | D:3      | Reached XP level 6. HP: 17/56 MP: 6/6
  2298 | D:3      | Found a glowing golden altar of the Shining One.
  2554 | D:4      | Reached skill level 5 in Axes
  2571 | D:4      | Slain by an ogre

Illustrated notes

Levels and vault maps discovered:
D:1:      dpeg_arrival_oval, layout_basic
D:2:      minmay_diamond_boxcup, layout_loops_ring,
          shapermc_ecumenical_altar_acropolis
D:3:      layout_basic, lemuel_tele_altar, uniq_grinder, uniq_terence
D:4:      layout_loops_ring, minmay_misc_feat_ornament, uniq_robin,
          uniq_eustachio

Skill      XL: |  1  2  3  4  5  6 |
---------------+-------------------+-----
Axes           | 3 4 5 |  5.0
Fighting       | 4 5 |  5.3
Armour         | 4 |  4.9
Shields        | 4 |  4.8

Action                     |  1- 3 |  4- 6 || total
---------------------------+-------+-------++-------
  Melee: War axe           |   101 |    82 ||   183
    Use: Scroll            |       |     9 ||     9
 Armour: Scale mail        |    23 |       ||    23
         Chain mail        |    32 |    53 ||    85
  Dodge: Dodged            |    41 |    35 ||    76
  Block: Buckler           |    22 |    15 ||    37

Table legend: (Time is in decaauts)
 A = Elapsed time spent in this place.
 B = Non-inter-level travel time spent in this place.
 C = Inter-level travel time spent in this place.
 D = Time resting spent in this place.
 E = Time spent auto-exploring this place.
 F = Levels seen in this place.
 G = Mean time per level.
                   A        B        C        D        E       F      G
               +--------+--------+--------+--------+--------+-----+--------+
         Total |   2638 |   2443 |    195 |    137 |   1720 |   4 |  659.5 |
       Dungeon |   2638 |   2443 |    195 |    137 |   1720 |   4 |  659.5 |
               +--------+--------+--------+--------+--------+-----+--------+

Top non-repeatable levels by time:
     D:1: 1001 daAuts
     D:2: 751 daAuts
     D:3: 715 daAuts
     D:4: 169 daAuts
